 Dungeon Crawl Stone Soup version 0.18.1-48-g4cf74bf (webtiles) character file.

139 dvd the Twirler (level 5, -4/32 HPs)
             Began as a Gargoyle Gladiator on Aug 13, 2016.
             Was an Initiate of Okawaru.
             Slain by a gnoll
             ... wielding a +0 halberd
              (10 damage)
             ... on level 3 of the Dungeon.
             The game lasted 00:06:11 (2185 turns).

dvd the Twirler (Gargoyle Gladiator)                Turns: 2185, Time: 00:06:12

Health: -4/32      AC: 11    Str: 19    XL:     5   Next: 22%
Magic:  5/5        EV: 12    Int:  8    God:    Okawaru [......]
Gold:   174        SH:  0    Dex: 11    Spells: 0 memorised, 4 levels left

rFire  . . .     SeeInvis .     a - +0 quarterstaff
rCold  . . .     Gourm    .     b - +0 leather armour
rNeg   + . .     Faith    .     (shield currently unavailable)
rPois  ∞         Spirit   .     c - +2 helmet
rElec  +         Dismiss  .     v - +0 cloak
rCorr  .         Reflect  .     (no gloves)
SustAt .         Harm     .     (no boots)
MR     .....                    (no amulet)
Stlth  +.........               (no ring)
                                (no ring)

@: not resistant to hostile enchantments, very unstealthy
A: negative energy resistance 1, electricity resistance, unbreathing,
petrification resistance, rot immunity, AC +4
a: Renounce Religion


You were on level 3 of the Dungeon.
You worshipped Okawaru.
Okawaru was noncommittal.
You were not hungry.

You visited 1 branch of the dungeon, and saw 3 of its levels.

You collected 174 gold pieces.

Inventory:

Hand Weapons
 a - a +0 quarterstaff (weapon)
 m - a +0 hunting sling
Missiles
 d - 3 throwing nets (quivered)
Armour
 b - a +0 leather armour (worn)
 c - a +2 helmet (worn)
 v - a +0 cloak (worn)
Scrolls
 h - a scroll of identify
 i - 3 scrolls of teleportation
 j - a scroll of remove curse
 t - a scroll of recharging {unknown}
Potions
 e - a potion of ambrosia {unknown}
 g - a potion of mutation {unknown}
 k - a potion of magic {unknown}
 l - a potion of haste
 o - a potion of brilliance {unknown}
 r - a potion of agility {unknown}
 w - a potion of curing {unknown}
Comestibles
 f - 3 bread rations
 n - 5 chunks of flesh
 p - a meat ration
 q - a royal jelly
 s - a slice of pizza
 u - a beef jerky
 x - 3 fruits


   Skills:
 + Level 2.9 Fighting
 + Level 4.0 Staves
 + Level 1.9 Throwing
 + Level 1.0 Armour
 + Level 3.5 Dodging
 + Level 0.2 Stealth


You had 4 spell levels left.
You didn't know any spells.

Dungeon Overview and Level Annotations

Branches:
Dungeon (3/15)

Altars:
Cheibriados
Okawaru
Pakellas


Innate Abilities, Weirdness & Mutations

You are resistant to torment.
Your stone body is resilient (AC +4).
You are immune to poison.
You resist negative energy.
You are resistant to electric shocks.
You can survive without breathing.
You are immune to petrification.
You are immune to rotting.


Message History

The gnoll closely misses you. The hobgoblin hits you.
The gnoll barely misses you.
You completely miss the hobgoblin.
The hobgoblin is severely wounded.
The hobgoblin hits you but does no damage.
The gnoll hits you but does no damage. The hobgoblin barely misses you.
The gnoll barely misses you.
The hobgoblin hits you but does no damage.
You feel yourself speed up. The hobgoblin hits you.
The gnoll hits you with a halberd.
* * * LOW HITPOINT WARNING * * *
The hobgoblin hits you but does no damage.
The kobold throws a stone.
The stone hits you but does no damage.
You see here a stone.
Unknown command.
You sock the gnoll!
The gnoll is almost dead.
The gnoll hits you with a halberd!
You die...

.....#............>..#...........
##.........####.####.#...........
#.........# #.# #.#......###.#
#####'##### #.# #.#........#.#
#.......# #.# #.#......###.#
#.......# #.# #.#...........
#.......#####.####.#...........
#####..##.............)...###.#
##.##.....@........##...#..
#.##...Kgg...........###.#
#..#....######....##......
##.#....#....#....#######.
#.####K#....#....# #. #.#
#./.._.#.##########. #.##
###....#.# ........ #..# .%..#
........ ##.# ####### ........


You could see a gnoll, a hobgoblin and a kobold.

Vanquished Creatures
  6 adders
  An ooze (D:2)
  2 worms (D:2)
  2 dart slugs (D:1)
  A giant gecko (D:2)
  2 orcs (D:3)
  3 ball pythons
  2 giant cockroaches (D:2)
  6 hobgoblins (D:2)
  4 jackals (D:2)
  A quokka (D:3)
  13 bats
  2 giant newts (D:2)
  10 goblins
  5 kobolds
  8 rats
68 creatures vanquished.

Vanquished Creatures (others)
  4 toadstools (D:1)
4 creatures vanquished.

Grand Total: 72 creatures vanquished

Notes
Turn   | Place    | Note
--------------------------------------------------------------
     0 | D:1      | dvd the Gargoyle Gladiator began the quest for the Orb.
     0 | D:1      | Reached XP level 1. HP: 12/12 MP: 1/1
   294 | D:1      | Reached XP level 2. HP: 16/17 MP: 2/2
   893 | D:2      | Reached XP level 3. HP: 17/22 MP: 3/3
   974 | D:2      | Found an iron altar of Okawaru.
  1002 | D:2      | Became a worshipper of Warmaster Okawaru
  1154 | D:2      | Reached XP level 4. HP: 21/27 MP: 4/4
  1274 | D:2      | Found an oddly glowing altar of Pakellas.
  1669 | D:2      | Reached skill level 4 in Staves
  1847 | D:3      | Reached XP level 5. HP: 32/32 MP: 5/5
  1871 | D:3      | Found a faded altar to an unknown god.
  2074 | D:3      | Reached skill level 1 in Armour
  2164 | D:3      | Found a snail-covered altar of Cheibriados.
  2185 | D:3      | Slain by a gnoll

Skill      XL: |  1  2  3  4  5 |
---------------+----------------+-----
Dodging        | 3 |  3.5
Staves         | 4 |  4.0
Armour         | 1 |  1.0
Fighting       | |  2.9
Throwing       | |  1.9
Stealth        | |  0.2

Action                   |  1- 3 |  4- 6 || total
-------------------------+-------+-------++-------
Melee: Quarterstaff      |    87 |   134 ||   221
  Use: Scroll            |     5 |     2 ||     7
  Eat: Chunk             |     1 |     3 ||     4
Armor: Leather armour    |    42 |    80 ||   122
Dodge: Dodged            |    57 |   106 ||   163
